 Dungeon Crawl Stone Soup version 0.28.0-53-g5a82cb258f (webtiles) character file.

Game seed: 8447675159737873550

1817 safid the Cleaver (level 9, -2/71 HPs)
             Began as a Hill Orc Fighter on Aug 12, 2022.
             Was an Initiate of Beogh.
             Slain by Joseph
             ... wielding a +0 quarterstaff of speed
              (14 damage)
             ... on level 7 of the Dungeon.
             The game lasted 00:04:36 (5230 turns).

safid the Cleaver (Hill Orc Fighter)                Turns: 5230, Time: 00:04:37

Health: -2/71      AC:  7    Str: 23    XL:     9   Next: 10%
Magic:  9/9        EV:  9    Int:  8    God:    Beogh [......]
Gold:   239        SH:  4    Dex: 10    Spells: 8/8 levels left

rFire   . . .      SeeInvis .   a - +0 war axe
rCold   . . .      Faith    .   c - +0 buckler
rNeg    . . .      Spirit   .   b - +0 scale mail
rPois   +          Reflect  .   (no helmet)
rElec   .          Harm     .   (no cloak)
rCorr   .          Rampage  .   (no gloves)
Will    .....                   (no boots)
Stlth   ..........              (no amulet)
HPRegen 0.21/turn               i - ring of poison resistance
MPRegen 0.11/turn               (no ring)

@: no status effects
A: no striking features
a: Renounce Religion


You were on level 7 of the Dungeon.
You worshipped Beogh.
Beogh was noncommittal.
You visited 1 branch of the dungeon, and saw 6 of its levels.
You also visited: Sewer.

You collected 239 gold pieces.

Inventory:

Hand Weapons
 a - a +0 war axe (weapon)
Armour
 b - a +0 scale mail (worn)
 c - a +0 buckler (worn)
Jewellery
 i - a ring of poison resistance (left hand)
 j - a +6 ring of dexterity
 t - a ring of see invisible
Wands
 q - a wand of iceblast (9)
 u - a wand of polymorph (9)
Scrolls
 d - a scroll of identify {unknown}
 f - 2 scrolls of teleportation {unknown}
 h - a scroll of magic mapping {unknown}
 k - a scroll of silence {unknown}
 s - a scroll of noise {unknown}
 x - a scroll of blinking {unknown}
Potions
 e - a potion of flight {unknown}
 g - a potion of cancellation {unknown}
 l - 4 potions of curing
 m - 2 potions of heal wounds {unknown}
 n - 4 potions of mutation {unknown}
 o - a potion of haste {unknown}
 p - a potion of invisibility {unknown}
 r - 2 potions of attraction {unknown}
 v - a potion of berserk rage {unknown}
 w - a potion of magic {unknown}


   Skills:
 - Level 4.0 Fighting
 + Level 14.3 Axes
 - Level 4.0 Armour
 - Level 4.0 Shields


You had 8 spell levels left.
You didn't know any spells.
Your spell library contained the following spells:

 Spells                   Type           Power      Damage    Failure   Level
 Beastly Appendage        Tmut           0%         N/A       80%         1
 Sting                    Tmut/Pois      0%         1d3       80%         1
 Ensorcelled Hibernation  Hex/Ice        0%         N/A       91%         2
 Poisonous Vapours        Pois/Air       0%         N/A       91%         2
 Wereblood                Tmut           0%         N/A       91%         2
 Confusing Touch          Hex            0%         N/A       99%         3
 Inner Flame              Hex/Fire       0%         N/A       99%         3
 Spider Form              Tmut/Pois      0%         N/A       99%         3
 Stone Arrow              Conj/Erth      0%         3d7       99%         3
 Summon Guardian Golem    Hex/Summ       0%         N/A       99%         3
 Animate Armour           Summ/Erth      0%         N/A       100%        4
 Cause Fear               Hex            0%         N/A       100%        4
 Olgreb's Toxic Radiance  Pois           0%         N/A       100%        4
 Discord                  Hex            0%         N/A       100%        8
 Lehudib's Crystal Spear  Conj/Erth      0%         10d2      100%        8


Dungeon Overview and Level Annotations

Branches:
Dungeon (7/15)              Sewer (visited)
 Temple: D:4-7

Altars:
Elyvilon
Ru
Beogh

Shops:
D:1 (

Annotations:
D:7 Joseph


Message History

+0 swamp dragon scales; a +0 war axe
x - a scroll labelled IFFONGIOVI Done exploring.
Done exploring.
(D) Dungeon
Where to? (Enter - D:4, ? - help)
There is a stone staircase leading down here.
You climb downwards.
Found an escape hatch in the floor.
There is a stone staircase leading up here.
Found an escape hatch in the ceiling.
There is a stone staircase leading up here.
Found 16 arrows.
Found a stone staircase leading down.
Found 16 stones.
Joseph, a Mercenary comes into view.
He is wielding a +0 quarterstaff of speed and carrying a wand of digging (1).
Joseph shouts!
Joseph unwields a +0 quarterstaff of speed.
Joseph wields a +0 hunting sling.
Joseph shoots a sling bullet.
The sling bullet hits you!!
Found a ring mail.
Joseph says, "It's nothing personal, but I have to kill you."
Joseph shoots a sling bullet.
The sling bullet hits you!
Joseph shoots a sling bullet.
The sling bullet hits you!
You are too injured to fight recklessly!
You are too injured to fight recklessly!
You are too injured to fight recklessly!
You are too injured to fight recklessly!
You are too injured to fight recklessly!
A howler monkey zombie comes into view.
Joseph shoots a sling bullet.
The sling bullet hits you!
* * * LOW HITPOINT WARNING * * *
Joseph shoots a sling bullet.
You block the sling bullet.
Joseph unwields a +0 hunting sling.
Joseph wields a +0 quarterstaff of speed.
Joseph hits you with a +0 quarterstaff of speed!!
* * * LOW HITPOINT WARNING * * *
It was a potion of curing.
You feel better.
Joseph hits you with a +0 quarterstaff of speed!
You die...

###+##
#...[#######
#...@.......
#..(@.######
#...........
###.....#######
................
.........#########
.........#.......#
..Z..#.#.#.#####.#
.....#.#.#.#.###.#
..........>....#.#


You could see Joseph and a howler monkey zombie.

Vanquished Creatures
  A centaur zombie (D:6)
  Maggie (D:6)
  Grinder (D:3)
  Sigmund (D:3)
  2 ogres (D:6)
  A necrophage (D:6)
  A phantom (D:6)
  A kobold brigand (Sewer)
  A bullfrog (D:6)
  A hound (D:4)
  2 bullfrog skeletons
  Jessica (D:2)
  An iguana (D:6)
  A hound skeleton (D:2)
  5 gnolls
  6 adders
  7 river rats (Sewer)
  A white imp (D:6)
  2 worms
  A dart slug (D:1)
  17 ball pythons
  2 bats (D:3)
  8 endoplasms
  4 giant cockroaches
  8 goblins
  3 hobgoblins
  3 quokkas
  A frilled lizard (Sewer)
  17 kobolds
  24 rats
125 creatures vanquished.

Vanquished Creatures (others)
  An orc (D:4)
  2 plants (D:2)
3 creatures vanquished.

Grand Total: 128 creatures vanquished

Notes
Turn   | Place    | Note
-------+----------+-------------------------------------------
     0 | D:1      | safid the Hill Orc Fighter began the quest for the Orb.
     0 | D:1      | Reached XP level 1. HP: 19/19 MP: 1/1
    14 | D:1      | Found Iti Gel's Antique Weapon Emporium.
   156 | D:1      | Reached skill level 3 in Axes
   156 | D:1      | Reached XP level 2. HP: 10/27 MP: 2/2
   502 | D:1      | Found a faded altar of an unknown god.
   524 | D:1      | Reached XP level 3. HP: 33/33 MP: 3/3
  1461 | D:2      | Reached XP level 4. HP: 33/40 MP: 4/4
  1466 | D:2      | Reached skill level 4 in Axes
  1600 | D:2      | Noticed Jessica
  1608 | D:2      | Killed Jessica
  1710 | D:2      | Reached skill level 5 in Axes
  1710 | D:2      | Reached XP level 5. HP: 30/46 MP: 5/5
  2025 | D:2      | Found a white marble altar of Elyvilon.
  2178 | D:3      | Found a glowing drain.
  2270 | Sewer    | Entered a sewer
  2412 | Sewer    | Reached skill level 6 in Axes
  2673 | Sewer    | Reached XP level 6. HP: 52/52 MP: 6/6
  2680 | Sewer    | Reached skill level 7 in Axes
  3285 | D:3      | Noticed Grinder
  3292 | D:3      | Killed Grinder
  3293 | D:3      | Reached skill level 9 in Axes
  3293 | D:3      | Reached XP level 7. HP: 56/59 MP: 7/7
  3451 | D:3      | Noticed Sigmund
  3453 | D:3      | Identified the +1 robe of Words of Power {Will+ Regen+}
  3466 | D:3      | Killed Sigmund
  3467 | D:3      | Reached skill level 10 in Axes
  3867 | D:4      | Found a roughly hewn altar of Beogh.
  3868 | D:4      | Became a worshipper of Beogh the Brigand
  3954 | D:4      | You fall into a shaft and drop 2 floors!
  4131 | D:6      | Reached skill level 12 in Axes
  4131 | D:6      | Reached XP level 8. HP: 46/66 MP: 8/8
  4253 | D:6      | Noticed Maggie
  4267 | D:6      | Killed Maggie
  4268 | D:6      | Reached skill level 13 in Axes
  4426 | D:6      | Found a sacrificial altar of Ru.
  4523 | D:6      | Reached XP level 9. HP: 67/71 MP: 9/9
  4528 | D:6      | Reached skill level 14 in Axes
  4583 | D:6      | Got the Handbook of Curses
  5223 | D:7      | Noticed Joseph
  5229 | D:7      | HP: 1/71 [Joseph/+0 quarterstaff of speed (18)]
  5230 | D:7      | Slain by Joseph

Illustrated notes

Levels and vault maps discovered:
D:1:      ncdulo_lavacross, layout_loops_corners, serial_shops,
          nicolae_shop_waterfront, ebering_ecumenical_altar_ruins,
          hangedman_decor_lopped
D:2:      layout_rooms, basic_altar, amcnicky_mini_rare_corridor_liquid,
          minmay_statues_item, minmay_shallow_snake_nest, uniq_jessica
D:3:      layout_loops_ring, cheibrodos_sewer_entry_drain, uniq_grinder,
          uniq_sigmund
D:4:      layout_cave_pods, mainiacjoe_overflow_alcove_1, ebering_ghost_sewer_d,
          serial_park_tiny_pond, kennysheep_orc_chapel
D:6:      layout_loops_ring, nicolae_ru_sacrificial_ziggurat, uniq_maggie
D:7:      layout_basic, kennysheep_okawaru_gauntlet, jmf_multi_god_temple,
          minmay_temple_entry_trees, kennysheep_opposing_triangles, uniq_joseph

Skill      XL: |  1  2  3  4  5  6  7  8  9 |
---------------+----------------------------+-----
Axes           | 3 5 6 9 12 13 14 | 14.3
Fighting       | 4 |  4.0
Armour         | 4 |  4.0
Shields        | 4 |  4.0

Action                   |  1- 3 |  4- 6 |  7- 9 || total
-------------------------+-------+-------+-------++-------
Melee: War axe           |    76 |   163 |   123 ||   362
Throw: Throwing net      |       |       |     1 ||     1
Invok: Convert to Beogh  |       |       |     1 ||     1
  Use: Potion            |       |       |     2 ||     2
 Stab: Held in net/web   |       |       |     1 ||     1
Armor: Scale mail        |    32 |    57 |    46 ||   135
Dodge: Dodged            |    36 |    82 |    39 ||   157
Block: Buckler           |    20 |    35 |    22 ||    77
